 Dungeon Crawl Stone Soup version 0.29.1-12-g30fa7ad0bf (webtiles) character file.

Game seed: 17351860945969493739

622 KittyFluff the Cudgeller (level 7, -1/44 HPs)
             Began as a Gargoyle Berserker on Dec 31, 2022.
             Was a Believer of Trog.
             Killed by divine providence
             ... invoked by an orc priest
              (12 damage)
             ... on level 5 of the Dungeon on Jan 1, 2023.
             The game lasted 00:17:48 (3965 turns).

KittyFluff the Cudgeller (Gargoyle Berserker)       Turns: 3965, Time: 00:17:49

Health: -1/44      AC: 11    Str: 20    XL:     7   Next: 46%
Magic:  7/7        EV: 27    Int:  8    God:    Trog [**....]
Gold:   178        SH:  0    Dex: 11    Spells: 6/6 levels left

rFire   . . .      SeeInvis .   a - +0 mace
rCold   . . .      Faith    .   (no shield)
rNeg    + . .      Spirit   .   q - +0 leather armour
rPois   ∞          Reflect  .   (no helmet)
rElec   +          Harm     .   (no cloak)
rCorr   .          Rampage  .   i - +2 pair of gloves
Will    .....                   (no boots)
Stlth   ++........              s - amulet of the acrobat
HPRegen 0.14/turn               n - ring of flight
MPRegen 0.10/turn               (no ring)

@: acrobatic, flying
A: sickness immunity, AC +4, negative energy resistance 1, electricity
resistance, torment resistance 1, petrification resistance
a: Renounce Religion, Berserk, Trog's Hand


You were on level 5 of the Dungeon.
You worshipped Trog.
Trog was pleased with you.
You visited 1 branch of the dungeon, and saw 5 of its levels.

You collected 277 gold pieces.
You spent 99 gold pieces at shops.

Inventory:

Hand Weapons
 a - a +0 mace (weapon)
 t - a +0 sling
Missiles
 f - 22 stones (quivered)
Armour
 b - a +0 animal skin
 i - a +2 pair of gloves (worn)
 k - a +0 chain mail
 l - a +0 ring mail
 q - a +0 leather armour (worn)
Jewellery
 c - an amulet of guardian spirit
 n - a ring of flight (left hand)
 s - an amulet of the acrobat (around neck)
Scrolls
 d - 2 scrolls of teleportation
 e - 2 scrolls of poison
 g - a scroll of vulnerability {unknown}
 j - 2 scrolls of summoning {unknown}
 p - a scroll of fear {unknown}
 r - a scroll of immolation {unknown}
 v - a scroll of blinking {unknown}
 w - a scroll of acquirement {unknown}
 y - a scroll of amnesia {unknown}
 A - 3 scrolls of brand weapon {unknown}
 B - a scroll of noise {unknown}
Potions
 h - a potion of invisibility
 m - 2 potions of cancellation
 o - 4 potions of curing
 u - 2 potions of attraction
 x - a potion of degeneration
 z - 2 potions of heal wounds


   Skills:
 + Level 4.6 Fighting
 + Level 5.3 Maces & Flails
 + Level 0.5 Throwing
 * Level 4.5 Armour
 + Level 3.3 Dodging
 + Level 2.2 Stealth


You had 6 spell levels left.
You didn't know any spells.
Your spell library was empty.

Dungeon Overview and Level Annotations

Branches:
Dungeon (5/15)
 Temple: D:4-7

Altars:
Dithmenos
Gozag
Hepliaklqana
Nemelex Xobeh
Xom
Zin

Shops:
D:4 *=**


Innate Abilities, Weirdness & Mutations

You are immune to sickness and miasma.
Your stone body is resilient. (AC +4)
You are immune to poison.
You resist negative energy. (rN+)
You are resistant to electric shocks. (rElec)
You are resistant to unholy torment.
You are immune to petrification.


Message History

You are exhausted.
You feel yourself slow down.
An adder comes into view.
The adder hisses angrily.
You sock the adder!
The adder is almost dead.
The adder completely misses you. The adder barely misses you.
You closely miss the adder.
The adder is almost dead.
The adder closely misses you. The adder bites you but does no damage.
You hit the adder.
You kill the adder!
Trog accepts your kill.
You now have 149 gold pieces (gained 19).
Found 9 gold pieces.
You now have 153 gold pieces (gained 4).
You hear the slow hiss of an avalanche of sand nearby.
You feel yourself speed up.
Found 7 stones.
Found 3 scrolls labelled PORUTSA KOORAE.
Found 6 gold pieces.
You now have 162 gold pieces (gained 9).
A - 3 scrolls labelled PORUTSA KOORAE You recover from your berserk rage.
You now have 168 gold pieces (gained 6).
Found a scroll labelled YCOHENAIPI.
f - 22 stones (gained 7)
Found 10 gold pieces.
B - a scroll labelled YCOHENAIPI You now have 178 gold pieces (gained 10).
You hear the slow hiss of a very distant avalanche of sand.
An orc priest comes into view. It is wielding a +0 whip.
Found 10 gold pieces.
The orc priest mumbles some strange prayers to Beogh against you.
Beogh smites you!
* * * LOW HITPOINT WARNING * * *
An orc comes into view. It is wielding a +0 flail.
The orc priest mumbles some strange prayers to Beogh against you.
Beogh smites you!
You die...

..... .... ### ... #..
... #.# #.# #.# #.# #.#
#.### #####.## ####...#
#@.....# ##....... #
#.###..###..####..
###.#.###..##.#.......
#.$.....#....###.#....
....#........##.#....##.
.# #...#.##.# #..##.##.
....o.....# ##.......
####.##.##.# #....... #.
##.# ###...##


You could see an orc priest.

Vanquished Creatures
  Grinder (D:4)
  A black bear (D:5)
  An ogre (D:5)
  A bullfrog (D:4)
  An iguana (D:4)
  6 adders
  A worm (D:2)
  2 dart slugs
  6 orcs
  3 ball pythons
  5 bats
  8 endoplasms
  4 giant cockroaches
  8 hobgoblins
  3 jackals (D:3)
  3 kobolds
  A quokka (D:3)
  5 frilled lizards
  8 goblins
  8 rats
76 creatures vanquished.

Notes
Turn   | Place    | Note
-------+----------+-------------------------------------------
     0 | D:1      | KittyFluff the Gargoyle Berserker began the quest for the
                  | Orb.
     0 | D:1      | Reached XP level 1. HP: 14/14 MP: 1/1
   168 | D:1      | Reached XP level 2. HP: 17/19 MP: 2/2
   972 | D:2      | Reached XP level 3. HP: 23/24 MP: 3/3
  1205 | D:2      | Reached ** piety under Trog
  1912 | D:3      | Reached XP level 4. HP: 27/29 MP: 4/4
  1948 | D:3      | Found a hazy altar of Hepliaklqana.
  2193 | D:3      | Found a shimmering altar of Xom.
  2361 | D:4      | Found a glowing silver altar of Zin.
  2395 | D:4      | Reached skill level 4 in Maces & Flails
  2506 | D:4      | Found a sparkling altar of Nemelex Xobeh.
  2506 | D:4      | Found an opulent altar of Gozag.
  2640 | D:4      | Found Gefett's General Store.
  2641 | D:4      | Found Ibe Ria's Jewellery Shoppe.
  2641 | D:4      | Found Xazonliq's Assorted Antiques.
  2645 | D:4      | Found Holas's Assorted Antiques.
  2693 | D:4      | Bought a potion of degeneration for 11 gold pieces
  2693 | D:4      | Bought a scroll of teleportation for 33 gold pieces
  2705 | D:4      | Bought a potion of heal wounds for 55 gold pieces
  2856 | D:4      | Noticed Grinder
  2872 | D:4      | Reached skill level 1 in Stealth
  2872 | D:4      | Reached XP level 5. HP: 17/33 MP: 5/5
  3338 | D:4      | Killed Grinder
  3339 | D:4      | Reached XP level 6. HP: 38/38 MP: 6/6
  3677 | D:4      | Found a shadowy altar of Dithmenos.
  3824 | D:5      | Entered Level 5 of the Dungeon
  3834 | D:5      | Reached XP level 7. HP: 44/44 MP: 7/7
  3860 | D:5      | Reached skill level 5 in Maces & Flails
  3965 | D:5      | Killed from afar by an orc priest

Illustrated notes

Levels and vault maps discovered:
D:1:      dpeg_arrival_concentric_ovals, layout_basic
D:2:      layout_basic
D:3:      layout_rooms, marbit_many_paths, xom_confusion_cloud
D:4:      layout_basic, grunt_temple_overflow_opulence,
          mainiacjoe_overflow_catwalk, nicolae_dithmenos_shadow_blocks,
          minmay_shop_grid_forest, nicolae_hexahallways, uniq_grinder
D:5:      kennysheep_slugbush, layout_loops_cross,
          mainiacjoe_overflow_surrounded_room, enter_ossuary_3,
          nrook_mini_vaults

Skill      XL: |  1  2  3  4  5  6  7 |
---------------+----------------------+-----
Dodging        | 2 3 |  3.3
Maces & Flails | 4 5 |  5.3
Armour         | 3 4 |  4.5
Fighting       | 4 |  4.6
Stealth        | 1 2 |  2.2
Throwing       | |  0.5

Action                   |  1- 3 |  4- 6 |  7- 9 || total
-------------------------+-------+-------+-------++-------
Melee: Mace              |   133 |   159 |    20 ||   312
Throw: Stone             |       |     4 |       ||     4
Invok: Berserk           |       |     2 |     1 ||     3
  Use: Scroll            |     1 |     4 |       ||     5
 Stab: Sleeping          |     1 |     1 |       ||     2
Armor: Animal skin       |    43 |       |       ||    43
       Leather armour    |    18 |    67 |    11 ||    96
Dodge: Dodged            |   102 |   138 |    12 ||   252
